chuzzly, neutral female scurrid Tourist H ..H ..d. .H@. ... g chuzzly the Rambler Experience level: 1 Strength: 13 Dexterity: 13 Constitution: 14 Intelligence: 11 Wisdom: 9 Charisma: 13 Health: 0(9) Energy: 2(2) Def: 0 Gold: 403 Moves: 49 Dungeon seed: VynaSHxjjX2_B4C- Game ID: chuzzly_1498615504 Your Inventory: Coins $ - 403 gold pieces Weapons a - 42 uncursed +2 darts (in quiver) Armor e - a blessed +0 Hawaiian shirt (being worn) Comestibles b - an uncursed pancake c - 5 uncursed food rations d - an uncursed tripe ration f - an uncursed killer bee egg g - 2 uncursed chestnuts h - 2 uncursed eggs Scrolls j - 3 uncursed scrolls of magic mapping k - a blessed scroll of magic mapping Potions i - 2 uncursed potions of extra healing Wands n - an uncursed wand of secret door detection (0:15) Tools l - an uncursed expensive camera (0:82) m - an uncursed credit card o - an uncursed tin opener Spells and supernatural/magical abilities: Name Level Category Fail Memory W - pray for help -- divine ? -- Your skills at the end: Miscellaneous Skills wands [Basic] Weapon Skills dart [Basic] Spellcasting Skills Final Attributes: You were devoutly aligned. You had infravision. You were very stealthy. You are dead. Voluntary challenges: You went without food. You did not adorn yourself with jewelry or accessories. You did not cause conflict. You were not invisible. You did not have reflection. You were not displaced. You were an atheist. You never hit with a wielded weapon. You were a pacifist. You did not use tools. You did not use plumbed fixtures. You did not drink any magical draughts. You were illiterate. You never genocided any monsters. You never polymorphed an object. You never changed form. You used no wishes. You never split a pudding. You never wrote Elbereth's name. You never violated your personal moral code. Dungeon overview: The Dungeons of Doom: levels 1 to 21 Level 1 a long staircase Level 2 Level 3 Level 4 a long staircase Level 5 Level 6 Level 7 Level 8 a fountain Level 9 Level 10 Level 11 Level 12 Level 13 a fountain Level 14 Level 15 Level 16 a fountain Level 17 Level 18 Level 19 Level 20 Level 21 <- You were here History has recorded: On T:1 you entered the Dungeons of Doom to retrieve the Amulet of Yendor! On T:5 you reached level 2 of The Dungeons of Doom. On T:7 you reached level 3 of The Dungeons of Doom. On T:10 you reached level 4 of The Dungeons of Doom. On T:12 you reached level 5 of The Dungeons of Doom. On T:14 you reached level 6 of The Dungeons of Doom. On T:16 you reached level 7 of The Dungeons of Doom. On T:19 you reached level 8 of The Dungeons of Doom. On T:21 you reached level 9 of The Dungeons of Doom. On T:23 you reached level 10 of The Dungeons of Doom. On T:25 you reached level 11 of The Dungeons of Doom. On T:28 you reached level 12 of The Dungeons of Doom. On T:30 you reached level 13 of The Dungeons of Doom. On T:32 you reached level 14 of The Dungeons of Doom. On T:34 you reached level 15 of The Dungeons of Doom. On T:37 you reached level 16 of The Dungeons of Doom. On T:39 you reached level 17 of The Dungeons of Doom. On T:41 you reached level 18 of The Dungeons of Doom. On T:41 you entered the Rogue tribute level. On T:43 you reached level 19 of The Dungeons of Doom. On T:46 you reached level 20 of The Dungeons of Doom. On T:48 you reached level 21 of The Dungeons of Doom. Score breakdown: Gold: 0 ( 0 points) Experience: 1 level ( 0 points) Exploration: 21 levels ( 600 points) Discoveries: 0 items ( 0 points) Variety of kills: 0 monsters ( 0 points) Major goal: (nothing yet) ( 0 points) Survival: died (score multiplied by 3) Total score: 1800 Latest messages: You start digging downward. You continue digging downward. You dig a pit in the floor. You continue digging downward. You dig a hole through the floor. You fall through... You start digging downward. You hear bubbling water. You continue digging downward. You dig a pit in the floor. You continue digging downward. You dig a hole through the floor. You fall through... You start digging downward. You continue digging downward. You dig a pit in the floor. You continue digging downward. You dig a hole through the floor. You fall through... The titan casts a spell! Monsters suddenly arrive from nowhere! Monsters appear from nowhere! That is a silly thing to drink. The minotaur punches you! You die... Final status: Aloha chuzzly the Tourist, killed by a minotaur... You died in The Dungeons of Doom on dungeon level 21 with 1800 points, and 403 pieces of gold, after 49 moves. You were level 1 with a maximum of 9 hit points when you died.